 Dungeon Crawl Stone Soup version 0.30-a0-845-g7c6808c8ce (webtiles) character file.

Game seed: 10155683081789833412

536 Bnni the Stinger (level 7, -1/52 HPs)
             Began as a Formicid Venom Mage on Mar 2, 2023.
             Slain by a mummy (10 damage)
             ... in an ossuary.
             The game lasted 00:08:24 (3173 turns).

Bnni the Stinger (Formicid Venom Mage)              Turns: 3173, Time: 00:08:24

Health: -1/52      AC:  7    Str: 10 (13) XL:     7   Next: 50%
Magic:  11/11      EV: 11    Int: 15 (16) God:
Gold:   195        SH:  4    Dex: 12 (14) Spells: 2/12 levels left

rFire   . . .      SeeInvis +    t - +2 dagger (venom)
rCold   . . .      Faith    .    v - +0 buckler
rNeg    . . .      Spirit   .    q - +0 leather armour
rPois   +          Reflect  .    (helmet unavailable)
rElec   .          Rampage  .    (no cloak)
rCorr   .                        (no gloves)
Will    .....                    (no boots)
Stlth   ++                       r - amulet of regeneration
HPRegen 1.08/turn                a - +4 ring of protection
MPRegen 0.12/turn                k - ring of poison resistance

@: no status effects
A: permanent stasis, dig shafts and tunnels, antennae 3, four strong arms
a: Dig


You were in an ossuary.
You visited 1 branch of the dungeon, and saw 4 of its levels.
You also visited: Ossuary.

You collected 195 gold pieces.

Inventory:

Hand Weapons
 t - a +2 dagger of venom (weapon)
Armour
 f - a +0 ring mail
 g - a +0 plate armour
 q - a +0 leather armour (worn)
 v - a +0 buckler (worn)
Jewellery
 a - a +4 ring of protection (left hand)
 k - a ring of poison resistance (right hand)
 r - an amulet of regeneration (around neck)
Scrolls
 d - a scroll of blinking {unknown}
 i - 3 scrolls of identify {unknown}
 j - a scroll of magic mapping {unknown}
 l - a scroll of noise {unknown}
 p - a scroll of acquirement {unknown}
 u - a scroll of brand weapon {unknown}
Potions
 b - a potion of magic
 h - a potion of might {unknown}
 m - a potion of flight {unknown}
 n - a potion of curing
 o - a potion of mutation {unknown}
 s - a potion of attraction {unknown}


   Skills:
 + Level 3.4 Fighting
 + Level 3.4 Armour
 - Level 1.7 Dodging
 - Level 2.4 Stealth
 + Level 2.4 Shields
 - Level 3.0 Spellcasting
 - Level 1.1 Transmutations
 * Level 7.5 Poison Magic


You had 2 spell levels left.
You knew the following spells:

 Your Spells              Type           Power      Damage    Failure   Level
a - Sting                 Tmut/Pois      60%        1d6       6%          1
b - Poisonous Vapours     Pois/Air       26%        N/A       11%         2
c - Mephitic Cloud        Conj/Pois/Air  9%         N/A       34%         3
d - Olgreb's Toxic Radia  Pois           24%        N/A       16%         4

Your spell library contained the following spells:

 Spells                   Type           Power      Damage    Failure   Level
 Kindle Blastsparks       Fire/Tloc/Air  4%         2d10      69%         3
 Fulminant Prism          Conj/Hex       1%         3d5       97%         4
 Iskenderun's Mystic Bla  Conj/Tloc      2%         2d3       97%         4
 Lee's Rapid Deconstruct  Erth           1%         3d4*      100%        5


Dungeon Overview and Level Annotations

Branches:
Dungeon (5/15)            Ossuary (1/1)
 Temple: D:4-7

Altars:

Annotations:
D:5 1 runed translucent door


Innate Abilities, Weirdness & Mutations

You cannot be hasted, slowed, berserked, paralysed or teleported.
You can dig through walls and to a lower floor.
You have a pair of large antennae on your head. (SInv)
Your four strong arms can wield two-handed weapons with a shield.


Message History

You hit the mummy but do no damage.
The mummy is severely damaged.
The mummy barely misses you. The mummy hits you! The mummy barely misses you.
You barely miss the mummy.
The mummy is severely damaged.
You block the mummy's attack. The mummy hits you. x2
You hit the mummy.
The mummy is severely damaged.
You hit the mummy.
The mummy is almost destroyed.
The mummy hits you. The mummy barely misses you. You block the mummy's attack.
You hit the mummy but do no damage.
The mummy is almost destroyed.
You hit the mummy but do no damage.
The mummy is almost destroyed.
You block the mummy's attack. The mummy misses you. The mummy hits you!
You hit the mummy.
The mummy is almost destroyed.
The mummy closely misses you. The mummy hits you. The mummy closely misses you.
You hit the mummy but do no damage.
The mummy is almost destroyed.
You completely miss the mummy.
The mummy is almost destroyed.
The mummy hits you!
* * * LOW HITPOINT WARNING * * *
The mummy hits you!
* * * LOW HITPOINT WARNING * * *
The mummy hits you.
* * * LOW HITPOINT WARNING * * *
It was a potion of curing.
You feel better. You block the mummy's attack. x2
Okay, then.
It was a potion of berserk rage.
Your stasis prevents you from going berserk.
The mummy hits you.
* * * LOW HITPOINT WARNING * * *
It was a potion of degeneration.
There was something very wrong with that liquid.
You feel weakened.
You feel dopey.
You feel clumsy. The mummy hits you!
You die...

#....#
#....#
#....#
#....#
#....#
#....#
#ZZ..#
#MM..#
#@MZ.#
######


You could see 3 mummies, a hobgoblin zombie and 2 kobold zombies.

Vanquished Creatures
  A centaur (D:5)
  2 scorpions (D:5)
  A howler monkey (D:5)
  A hound (D:1)
  Jessica (D:2)
  Terence (D:2)
  An iguana (D:5)
  Natasha (thrice) (D:2)
  A mummy (Ossuary)
  3 adders
  A worm (D:3)
  3 dart slugs
  5 orcs (D:5)
  8 ball pythons
  6 endoplasms
  A giant cockroach (D:3)
  3 goblins
  7 hobgoblins
  4 jackals (D:3)
  3 kobolds
  A quokka (D:3)
  6 bats
  4 frilled lizards
  A hobgoblin zombie (Ossuary)
  A kobold zombie (Ossuary)
  3 orc zombies (Ossuary)
  6 rats
78 creatures vanquished.

Notes
Turn   | Place    | Note
-------+----------+-------------------------------------------
     0 | D:1      | Bnni the Formicid Venom Mage began the quest for the Orb.
     0 | D:1      | Reached XP level 1. HP: 13/13 MP: 3/3
    75 | D:1      | Reached XP level 2. HP: 20/20 MP: 5/5
   412 | D:1      | Learned a level 2 spell: Poisonous Vapours
   814 | D:1      | Reached skill level 1 in Fighting
   814 | D:1      | Reached skill level 1 in Armour
   814 | D:1      | Reached XP level 3. HP: 26/26 MP: 0/6
   879 | D:2      | Reached skill level 5 in Poison Magic
   879 | D:2      | Reached XP level 4. HP: 32/32 MP: 5/7
  1044 | D:2      | Learned a level 4 spell: Olgreb's Toxic Radiance
  1126 | D:2      | Noticed Jessica
  1134 | D:2      | Killed Jessica
  1387 | D:2      | Noticed Terence
  1407 | D:2      | Killed Terence
  1408 | D:2      | Reached XP level 5. HP: 28/38 MP: 0/9
  1544 | D:2      | Noticed Natasha
  1552 | D:2      | Killed Natasha
  1642 | D:2      | Noticed Natasha
  1650 | D:2      | Killed Natasha
  1651 | D:2      | Reached skill level 6 in Poison Magic
  1982 | D:2      | Noticed Natasha
  1994 | D:2      | Killed Natasha
  1995 | D:2      | Reached XP level 6. HP: 46/46 MP: 2/10
  2453 | D:3      | Learned a level 3 spell: Mephitic Cloud
  2612 | D:3      | You fall into a shaft and drop 2 floors!
  2612 | D:5      | Entered Level 5 of the Dungeon
  2771 | D:5      | Reached skill level 1 in Shields
  2848 | D:5      | Reached skill level 7 in Poison Magic
  2848 | D:5      | Reached XP level 7. HP: 36/52 MP: 4/11
  2954 | D:5      | Found a runed translucent door.
  3096 | D:5      | Found a sand-covered staircase.
  3101 | Ossuary  | Entered an ossuary
  3170 | Ossuary  | HP: 1/52 [mummy (2)]
  3173 | Ossuary  | Slain by a mummy

Illustrated notes

Levels and vault maps discovered:
D:1:      dpeg_arrival_rooms_a, layout_loops_cross, patterned_corridor
D:2:      layout_basic, minmay_pentomino_q4, uniq_natasha, uniq_jessica,
          uniq_terence
D:3:      minmay_recursive_quarters, layout_loops_corners,
          mainiacjoe_overflow_surrounded_room, kennysheep_generic_room_16
D:5:      minmay_inner_zag, layout_loops_ring, enter_ossuary_2, st_stairs_2,
          uniq_crazy_yiuf_cottage
Ossuary:  ossuary_tomb_3

Skill      XL: |  1  2  3  4  5  6 |
---------------+-------------------+-----
Fighting       | 1 2 3 |  3.4
Armour         | 1 2 3 |  3.4
Poison Magic   | 5 6 7 |  7.5
Spellcasting   | 3 |  3.0
Shields        | 2 |  2.4
Dodging        | |  1.7
Stealth        | |  2.4
Transmutations | |  1.1

Action                     |  1- 3 |  4- 6 |  7- 9 || total
---------------------------+-------+-------+-------++-------
  Melee: Short sword       |    48 |    49 |       ||    97
         Dagger            |       |    56 |    66 ||   122
   Cast: Sting             |     4 |    26 |     2 ||    32
         Poisonous Vapours |       |     9 |       ||     9
         Olgreb's Toxic Ra |       |     6 |     2 ||     8
    Use: Potion            |       |       |     3 ||     3
   Stab: Sleeping          |     5 |       |       ||     5
 Armour: Leather armour    |     2 |    28 |    20 ||    50
         Ring mail         |    25 |    10 |       ||    35
  Dodge: Dodged            |    24 |    64 |    36 ||   124
  Block: Buckler           |       |     3 |    21 ||    24

Table legend: (Time is in decaauts)
 A = Elapsed time spent in this place.
 B = Non-inter-level travel time spent in this place.
 C = Inter-level travel time spent in this place.
 D = Time resting spent in this place.
 E = Time spent auto-exploring this place.
 F = Levels seen in this place.
 G = Mean time per level.
                   A        B        C        D        E       F      G
               +--------+--------+--------+--------+--------+-----+--------+
         Total |   3176 |   2986 |    190 |    150 |   2068 |   5 |  635.2 |
       Dungeon |   3102 |   2912 |    190 |    150 |   2067 |   4 |  775.5 |
       Ossuary |     73 |     73 |      0 |      0 |      1 |   1 |   73.0 |
               +--------+--------+--------+--------+--------+-----+--------+

Top non-repeatable levels by time:
     D:2: 1278 daAuts
     D:1: 916 daAuts
     D:5: 489 daAuts
     D:3: 417 daAuts
 Ossuary: 73 daAuts
